 Dungeon Crawl Stone Soup version 0.27.1 (webtiles) character file.

Game seed: 11509353543285017767

12 Romesagentofchaos the Magician (level 2, -1/21 HPs)
             Began as a Djinni Hedge Wizard on Aug 23, 2021.
             Was a Plaything of Xom.
             Slain by an endoplasm (2 damage)
             ... on level 2 of the Dungeon.
             The game lasted 00:04:47 (942 turns).

Romesagentofchaos the Magician (Djinni Hedge Wizard) Turns: 942, Time: 00:04:48

Health: -1/21      AC:  2    Str:  9    XL:     2   Next: 45%
Gold:   84         EV: 12    Int: 15    God:    Xom [.....*] SH:  0 Dex: 12

rFire    + + .     SeeInvis .   a - +0 dagger
rCold    x . .     Faith    .   (no shield)
rNeg     . . .     Spirit   .   b - +0 robe
rPois    ∞         Reflect  .   c - +0 hat
rElec    .         Harm     .   (no cloak)
rCorr    .         Rampage  .   (no gloves)
Will     .....                  (boots unavailable)
Stlth    ++........             d - amulet of the acrobat
HPRegen  0.07/turn              (no ring)
MPRegen  0.00/turn              (no ring)

@: flying
A: sickness immunity, fire resistance 2, cold vulnerability 1, float, innate
caster, hp casting, extra vitality 1
a: Renounce Religion


You were on level 2 of the Dungeon.
You worshipped Xom.
You were Xom's teddy bear.
You visited 1 branch of the dungeon, and saw 2 of its levels.

You collected 84 gold pieces.

Inventory:

Hand Weapons
 a - a +0 dagger (weapon)
Armour
 b - a +0 robe (worn)
 c - a +0 hat (worn)
Jewellery
 d - an amulet of the acrobat (around neck)


   Skills:
 + Level 2.3 Dodging
 + Level 1.6 Stealth
 + Level 2.8 Spellcasting


You couldn't memorise any spells.
You knew the following spells:

 Your Spells              Type           Power      Damage    Failure   Level
a - Magic Dart            Conj           40%        1d5       6%          1
b - Blink                 Tloc           N/A        N/A       10%         2
c - Call Imp              Summ           10%        N/A       10%         2
d - Slow                  Hex            10%        N/A       10%         2
e - Conjure Flame         Conj/Fire      10%        6-21      19%         3
f - Mephitic Cloud        Conj/Pois/Air  10%        N/A       19%         3
Your spell library was empty.

Dungeon Overview and Level Annotations

Branches:
Dungeon (2/15)

Altars:
Xom


Innate Abilities, Weirdness & Mutations

You are immune to sickness and miasma.
You are immune to poison.
Your flesh is very heat resistant. (rF++)
You are vulnerable to cold. (rC-)
You float through the air rather than walking.
You learn spells naturally, not from books.
Your magical power is your life essence.
You have superior vitality. (+4 HP)


Message History

Press: ? - help, Q - select action, (/) - cycle Shift-Dir - straight line, f - endoplasm
Aim: an endoplasm (asleep, 100% to hit)
The magic dart hits the endoplasm but does no damage.
Aiming: Magic Dart (safe; 6% risk of failure)
Press: ? - help, Q - select action, (/) - cycle Shift-Dir - straight line, f/p - endoplasm
Aim: an endoplasm (100% to hit)
The magic dart hits the endoplasm.
The endoplasm is moderately wounded.
Aiming: Magic Dart (safe; 6% risk of failure)
Press: ? - help, Q - select action, (/) - cycle Shift-Dir - straight line, f/p - endoplasm
Aim: an endoplasm (moderately wounded, 100% to hit)
The magic dart hits the endoplasm.
The endoplasm is severely wounded.
The endoplasm hits you.
You hit the rat but do no damage. The endoplasm freezes you.
You are frozen!
You feel a terrible chill!
Xom is amused.
The rat bites you.
You hit the rat but do no damage. The endoplasm closely misses you.
The rat barely misses you.
You hit the rat but do no damage. The endoplasm freezes you.
You are frozen.
You feel a terrible chill!
Xom thinks this is hilarious!
* * * LOW HITPOINT WARNING * * *
The rat bites you but does no damage.
You closely miss the rat. The endoplasm closely misses you.
The rat barely misses you.
You barely miss the rat. The endoplasm hits you.
* * * LOW HITPOINT WARNING * * *
The rat bites you but does no damage.
You hit the rat.
You kill the rat!
The endoplasm closely misses you.
You hit the endoplasm but do no damage.
The endoplasm is severely wounded.
The endoplasm hits you.
You die... "What!?
That's it?"

## #
#.#.#
##....###
#@†.....+
##J....##
#....#
#...#
.....
.... ...
.##


You could see an endoplasm.

Vanquished Creatures
  A hobgoblin (D:1)
  4 kobolds (D:1)
  A quokka (D:1)
  5 frilled lizards (D:1)
  2 rats
13 creatures vanquished.

Vanquished Creatures (others)
  2 quokkas (D:1)
2 creatures vanquished.

Grand Total: 15 creatures vanquished

Notes
Turn   | Place    | Note
-------+----------+-------------------------------------------
     0 | D:1      | Romesagentofchaos the Djinni Hedge Wizard began the quest
                  | for the Orb.
     0 | D:1      | Reached XP level 1. HP: 15/15 MP: 0/0
   252 | D:1      | Found a faded altar of an unknown god.
   258 | D:1      | Became a worshipper of Xom of Chaos
   260 | D:1      | XOM: divination: magic mapping
   359 | D:1      | XOM: divination: detect creatures
   449 | D:1      | Reached XP level 2. HP: 14/21 MP: 0/0
   856 | D:1      | XOM: god gift: 46 gold pieces
   879 | D:1      | XOM: destruction
   897 | D:1      | XOM: scenery: summon butterflies
   940 | D:2      | HP: 1/21 [endoplasm (3)]
   942 | D:2      | Slain by an endoplasm

Illustrated notes

Levels and vault maps discovered:
D:1:      amcnicky_arrival_flooded_fountain, layout_basic,
          ebering_ecumenical_altar_abandoned
D:2:      wander_river, layout_loops_corners, uniq_robin, uniq_natasha,
          uniq_crazy_yiuf_cottage

Action                   || total
-------------------------++-------
Melee: Dagger            ||    31
 Cast: Magic Dart        ||    18
  Use: Scroll            ||     1
       Potion            ||     1
 Stab: Sleeping          ||     1
Armor: Robe              ||     5
Dodge: Dodged            ||    21
